Flames vs Lightning

Created - 9 février 2021 at 11:13

Goals
1 2 3 T
Flames 0 1 5 6
Lightning 0 1 1 2
Shots
1 2 3 T
Flames 12 9 14 35
Lightning 10 9 7 26

1st period

No Goal

Penalties :
No Penalty

2nd period

1. Flames , Victor Hedman 4 (Tyson Jost 9) at 8:37
2. Lightning , Cedric Paquette 6 (Johnny Boychuk 5, Andrej Sekera 9) at 19:02

Penalties :
No Penalty

3rd period

3. Lightning , Ryan Nugent-Hopkins 14 (T.J. Brodie 10, Tyler Seguin 20) at 0:58
4. Flames , Deryk Engelland 2 (David Kampf 5, Danton Heinen 10) at 7:47
5. Flames , Pavel Zacha 17 (Nick Bjugstad 4) at 8:27
6. Flames , David Krejci 9 (Sam Reinhart 19) at 16:59
7. Flames , Anders Lee 12 (Sam Reinhart 20) at 18:57
8. Flames , Danton Heinen 4 (Alex Chiasson 17, Drew Doughty 17) at 19:30

Penalties :
Kevan Miller (CAL) for Hooking (Minor) at 9:30

Goalie Stats

Carey Price (CAL), 24 saves from 26 shots - (0,923), W, 13-14-0, 60:00 minutes
Braden Holtby (TAM), 29 saves from 35 shots - (0,829), L, 10-11-1, 60:00 minutes

Players Stats for Flames

Player Name              G  A  P  +/- PIM S  H  SB GA TA FO     MP     PP MP  PK MP  
------------------------------------------------------------------------------------
Alex Biega               0  0  0   1  0   1  0  1  0  0  0/0    15:31   0:00   1:28 
Alex Chiasson            0  1  1   1  0   2  4  0  0  0  0/0    12:58   0:00   0:00 
Anders Lee               1  0  1   1  0   7  2  0  1  0  0/1    19:29   0:00   0:00 
Danton Heinen            1  1  2   1  0   3  1  1  1  0  0/0    12:58   0:00   0:00 
David Kampf              0  1  1   1  0   1  0  1  0  0  5/9    13:19   0:00   0:21 
David Krejci             1  0  1   1  0   1  1  0  1  0  16/31  19:29   0:00   0:00 
Deryk Engelland          1  0  1   2  0   3  3  1  0  3  0/0    19:52   0:00   0:31 
Drew Doughty             0  1  1   1  0   0  1  2  0  1  0/0    25:08   0:00   0:31 
Jason Demers             0  0  0   2  0   2  2  2  0  2  0/0    24:45   0:00   1:28 
Kevan Miller             0  0  0   1  2   0  0  1  0  1  0/0    14:02   0:00   0:00 
Melker Karlsson          0  0  0   1  0   1  0  1  1  1  0/0    10:34   0:00   1:31 
Nate Thompson            0  0  0   1  0   1  2  0  0  0  6/7    10:34   0:00   1:31 
Nick Bjugstad            0  1  1   1  0   1  3  1  0  0  0/1    16:31   0:00   0:00 
Pavel Zacha              1  0  1   1  0   3  2  0  0  0  6/10   16:52   0:00   0:21 
Ryan Donato              0  0  0   1  0   2  1  1  0  0  0/0    16:38   0:00   0:07 
Sam Reinhart             0  2  2   1  0   2  1  0  1  1  0/1    19:29   0:00   0:00 
Tyson Jost               0  1  1   1  0   2  1  0  1  0  0/0     9:09   0:00   0:07 
Victor Hedman            1  0  1   1  0   3  1  1  0  0  0/0    20:42   0:00   0:00 

Players Stats for Lightning

Player Name              G  A  P  +/- PIM S  H  SB GA TA FO     MP     PP MP  PK MP  
------------------------------------------------------------------------------------
Andrej Sekera            0  1  1  -1  0   0  0  1  0  0  0/0    20:10   0:51   0:00 
Andrew Cogliano          0  0  0  -1  0   3  1  1  0  0  0/0    11:29   0:00   0:00 
Brett Howden             0  0  0  -1  0   1  0  0  1  0  0/1     8:58   0:00   0:00 
Cedric Paquette          1  0  1  -2  0   1  2  0  0  0  5/13   13:19   0:09   0:00 
Chris Wagner             0  0  0  -1  0   0  0  1  0  0  0/0     8:58   0:00   0:00 
Colin Miller             0  0  0  -1  0   0  0  0  0  0  0/0    15:17   0:00   0:00 
Jakob Silfverberg        0  0  0  -2  0   2  1  1  1  0  0/0    17:46   1:06   0:00 
Johnny Boychuk           0  1  1  -1  0   0  1  0  0  0  0/0    20:09   0:00   0:00 
Jon Marchessault         0  0  0   0  0   3  1  1  1  0  0/3    22:07   1:06   0:00 
Michael Stone            0  0  0  -1  0   2  0  0  0  0  0/0    14:27   0:00   0:00 
Mikko Koivu              0  0  0  -1  0   0  2  1  0  1  8/20   14:45   0:44   0:00 
Nick Foligno             0  0  0  -2  0   2  2  1  1  0  1/2    17:34   0:53   0:00 
Nicolas Deslauriers      0  0  0  -1  0   0  2  0  1  0  0/0    10:07   1:08   0:00 
Radko Gudas              0  0  0  -2  0   0  0  3  0  2  0/0    24:15   0:51   0:00 
Ryan Dzingel             0  0  0  -1  0   2  0  0  0  0  0/0    12:04   0:00   0:00 
Ryan Nugent-Hopkins      1  0  1   0  0   3  1  0  1  0  13/20  22:07   1:06   0:00 
T.J. Brodie              0  1  1  -2  0   2  0  4  1  2  0/0    24:33   1:08   0:00 
Tyler Seguin             0  1  1   0  0   5  2  1  2  1  0/1    21:55   0:53   0:00 

3 Stars

1 - Danton Heinen (CAL)
2 - Deryk Engelland (CAL)
3 - Pavel Zacha (CAL)

Power Play

Flames - 0 on 0 Attempt(s) - 0,00%
Lightning - 0 on 1 Attempt(s) - 0,00%

Penalty Kill

Flames - 1 on 1 Attempt(s) - 100,00% - Score 0 goal in Penalty Kill
Lightning - 0 on 0 Attempt(s) - 0,00% - Score 0 goal in Penalty Kill

Team Stat

Flames - Hits : 25 - Faceoff Wins : 33 - Blocked Shots : 13 - Penalty Minutes : 2
Lightning - Hits : 15 - Faceoff Wins : 27 - Blocked Shots : 15 - Penalty Minutes : 0

Official

Referees : Mike Sheehan and Dean Morton
Linesman : Ryan Daisy and Brian Murphy

Game Notes

19:02 of 2nd period - Lightning goal is going for a video replay. After video review, Goal.
Mikko Koivu is injured at 10:59 of 3rd period (Lower Body)

Finance

Level 1 -- Attendance: 5542 (92,37%) -- Ticket Income 471 070 $
Level 2 -- Attendance: 3304 (66,08%) -- Ticket Income 247 800 $
Level 3 -- Attendance: 1021 (51,05%) -- Ticket Income 56 155 $
Level 4 -- Attendance: 1608 (40,20%) -- Ticket Income 64 320 $
Luxury Box -- Attendance: 886 (88,60%) -- Ticket Income 132 900 $
Game was played at the Tampa Baseball Stadium.
Total Attendance: 12361 (68,67%)
Total Ticket Income: 972 245 $
Other Income: 476 400 $
Total Income: 1 448 645 $

Flames

5 vs 5 Forward 
   Center                   Left Wing                Right Wing               Time % Phy DF OF 
 1 David Krejci             Anders Lee               Sam Reinhart             38     0   1  4  
 2 Pavel Zacha              Ryan Donato              Nick Bjugstad            30     0   2  3  
 3 David Kampf              Danton Heinen            Alex Chiasson            22     1   2  2  
 4 Nate Thompson            Melker Karlsson          Tyson Jost               10     1   3  1  

5 vs 5 Defense 
   Defense                  Defense                                           Time % Phy DF OF 
 1 Victor Hedman            Drew Doughty                                      35     0   3  2  
 2 Deryk Engelland          Jason Demers                                      34     0   3  2  
 3 Kevan Miller             Alex Biega                                        23     1   3  1  
 4 Drew Doughty             Jason Demers                                      8      0   2  3  

PowerPlay Forward 
   Center                   Left Wing                Right Wing               Time % Phy DF OF 
 1 David Krejci             Anders Lee               Sam Reinhart             60     0   0  5  
 2 Pavel Zacha              Ryan Donato              Alex Chiasson            40     0   1  4  

PowerPlay Defense
   Defense                  Defense                                           Time % Phy DF OF 
 1 Drew Doughty             Victor Hedman                                     60     0   1  4  
 2 Kevan Miller             Jason Demers                                      40     0   1  4  

Penalty Kill 4 Players Forward 
   Center                   Wing                     Time % Phy DF OF 
 1 Nate Thompson            Melker Karlsson          60     1   4  0  
 2 David Kampf              Pavel Zacha              40     0   4  1  

Penalty Kill 4 Players Defense
   Defense                  Defense                  Time % Phy DF OF 
 1 Kevan Miller             Jason Demers             60     1   4  0  
 2 Drew Doughty             Deryk Engelland          40     1   4  0  

Penalty Kill - 3 Players Forward 
   Forward                                           Time % Phy DF OF 
 1 Nate Thompson                                     60     0   5  0  
 2 David Kampf                                       40     0   5  0  

Penalty Kill - 3 Players Defense
   Defense                  Defense                  Time % Phy DF OF 
 1 Jason Demers             Kevan Miller             60     0   5  0  
 2 Drew Doughty             Deryk Engelland          40     0   5  0  

4 vs 4 Forward 
   Center                   Wing                     Time % Phy DF OF 
 1 David Krejci             Sam Reinhart             60     0   2  3  
 2 Pavel Zacha              Anders Lee               40     0   2  3  

4 vs 4 Defense
   Defense                  Defense                  Time % Phy DF OF 
 1 Alex Biega               Drew Doughty             60     0   2  3  
 2 Kevan Miller             Victor Hedman            40     0   3  2  

Last Minutes Offensive
   Center                   Left Wing                Right Wing               Defense                  Defense                  
   David Krejci             Anders Lee               Sam Reinhart             Drew Doughty             Victor Hedman            

Last Minutes Defensive
   Center                   Left Wing                Right Wing               Defense                  Defense                  
   Nate Thompson            Pavel Zacha              David Kampf              Kevan Miller             Jason Demers             

Goaltenders
Starting : Carey Price              
Backup : Curtis McElhinney        

Extra Forwards
Normal : Sam Reinhart, Pavel Zacha, Anders Lee - PP : Sam Reinhart, Ryan Donato - PK : Tyson Jost
Extra Defensemen
Normal : Drew Doughty, Victor Hedman, Jason Demers - PP : Alex Biega - PK : Jason Demers, Alex Biega
Penalty Shots
Sam Reinhart, David Kampf, Ryan Donato, Melker Karlsson, Pavel Zacha
Custom OT Lines Forwards
Sam Reinhart, Anders Lee, David Krejci, Pavel Zacha, Tyson Jost, Alex Chiasson, Danton Heinen, Ryan Donato, Nick Bjugstad, David Kampf
Custom OT Lines Defensemen
Drew Doughty, Victor Hedman, Jason Demers, Deryk Engelland, Kevan Miller

Scratches
Marcus Sorensen (Healthy), Radim Simek (Healthy)

Lightning

5 vs 5 Forward 
   Center                   Left Wing                Right Wing               Time % Phy DF OF 
 1 Ryan Nugent-Hopkins      Jon Marchessault         Tyler Seguin             40     0   1  4  
 2 Mikko Koivu              Jakob Silfverberg        Nick Foligno             30     0   2  3  
 3 Cedric Paquette          Andrew Cogliano          Ryan Dzingel             20     0   2  3  
 4 Brett Howden             Nicolas Deslauriers      Chris Wagner             10     0   3  2  

5 vs 5 Defense 
   Defense                  Defense                                           Time % Phy DF OF 
 1 T.J. Brodie              Radko Gudas                                       42     0   1  4  
 2 Johnny Boychuk           Andrej Sekera                                     33     0   2  3  
 3 Michael Stone            Colin Miller                                      25     0   3  2  
 4 Johnny Boychuk           Colin Miller                                      0      0   3  2  

PowerPlay Forward 
   Center                   Left Wing                Right Wing               Time % Phy DF OF 
 1 Ryan Nugent-Hopkins      Jon Marchessault         Jakob Silfverberg        60     0   0  5  
 2 Mikko Koivu              Nick Foligno             Tyler Seguin             40     0   1  4  

PowerPlay Defense
   Defense                  Defense                                           Time % Phy DF OF 
 1 Nicolas Deslauriers      T.J. Brodie                                       60     0   1  4  
 2 Radko Gudas              Andrej Sekera                                     40     0   2  3  

Penalty Kill 4 Players Forward 
   Center                   Wing                     Time % Phy DF OF 
 1 Brett Howden             Cedric Paquette          60     0   3  2  
 2 Mikko Koivu              Chris Wagner             40     0   3  2  

Penalty Kill 4 Players Defense
   Defense                  Defense                  Time % Phy DF OF 
 1 Michael Stone            Radko Gudas              60     0   3  2  
 2 Johnny Boychuk           Andrej Sekera            40     0   3  2  

Penalty Kill - 3 Players Forward 
   Forward                                           Time % Phy DF OF 
 1 Cedric Paquette                                   60     0   4  1  
 2 Brett Howden                                      40     0   4  1  

Penalty Kill - 3 Players Defense
   Defense                  Defense                  Time % Phy DF OF 
 1 Michael Stone            Radko Gudas              60     0   5  0  
 2 Johnny Boychuk           Andrej Sekera            40     0   5  0  

4 vs 4 Forward 
   Center                   Wing                     Time % Phy DF OF 
 1 Ryan Nugent-Hopkins      Jon Marchessault         60     0   2  3  
 2 Tyler Seguin             Nick Foligno             40     1   2  2  

4 vs 4 Defense
   Defense                  Defense                  Time % Phy DF OF 
 1 T.J. Brodie              Nicolas Deslauriers      60     0   2  3  
 2 Radko Gudas              Andrej Sekera            40     0   2  3  

Last Minutes Offensive
   Center                   Left Wing                Right Wing               Defense                  Defense                  
   Ryan Nugent-Hopkins      Jon Marchessault         Jakob Silfverberg        Nicolas Deslauriers      T.J. Brodie              

Last Minutes Defensive
   Center                   Left Wing                Right Wing               Defense                  Defense                  
   Mikko Koivu              Cedric Paquette          Brett Howden             Michael Stone            Radko Gudas              

Goaltenders
Starting : Braden Holtby            
Backup : Matt Murray              

Extra Forwards
Normal : Mikko Koivu, Cedric Paquette, Ryan Dzingel - PP : Mikko Koivu, Cedric Paquette - PK : Ryan Dzingel
Extra Defensemen
Normal : Michael Stone, Colin Miller, Nicolas Deslauriers - PP : Michael Stone - PK : Colin Miller, Nicolas Deslauriers
Penalty Shots
Jakob Silfverberg, Tyler Seguin, Mikko Koivu, Jon Marchessault, Andrew Cogliano
Custom OT Lines Forwards
Ryan Nugent-Hopkins, Tyler Seguin, Jakob Silfverberg, Nick Foligno, Jon Marchessault, Mikko Koivu, Cedric Paquette, Andrew Cogliano, Ryan Dzingel, Brett Howden
Custom OT Lines Defensemen
T.J. Brodie, Radko Gudas, Johnny Boychuk, Andrej Sekera, Michael Stone

Scratches
Riley Stillman (Sports Hernia Injury), Teddy Blueger (Healthy), Andrew Hammond (Healthy)

% Time on Ice - Flames

Lines # - Real PCT - Wanted PCT - Time Play
Normal Forward
1 - 34% - 38% - 19:30
2 - 28% - 30% - 16:31
3 - 22% - 22% - 12:58
4 - 16% - 10% - 9:02
Normal Defense
1 - 36% - 35% - 20:43
2 - 33% - 34% - 19:21
3 - 24% - 23% - 14:02
4 - 7% - 8% - 3:55
PP Forward
1 - 0% - 60%
2 - 0% - 40%
PP Defense
1 - 0% - 60%
2 - 0% - 40%
PK Forward
1 - 82% - 60% - 1:38
2 - 18% - 40% - 0:21
PK Defense
1 - 74% - 60% - 1:28
2 - 26% - 40% - 0:31
PK3 Forward
1 - 0% - 60%
2 - 0% - 40%
PK3 Defense
1 - 0% - 60%
2 - 0% - 40%
44 Forward
1 - 0% - 60%
2 - 0% - 40%
44 Defense
1 - 0% - 60%
2 - 0% - 40%
Last Minute Offensive  - 0:00
Last Minute Defensive  - 0:00
Total
Forward - 60:00
Defense - 60:00

% Time on Ice - Lightning

Lines # - Real PCT - Wanted PCT - Time Play
Normal Forward
1 - 36% - 40% - 21:01
2 - 29% - 30% - 16:59
3 - 19% - 20% - 11:03
4 - 15% - 10% - 8:58
Normal Defense
1 - 40% - 42% - 23:25
2 - 33% - 33% - 19:19
3 - 25% - 25% - 14:27
4 - 1% - 0% - 0:50
PP Forward
1 - 55% - 60% - 1:06
2 - 45% - 40% - 0:53
PP Defense
1 - 57% - 60% - 1:08
2 - 43% - 40% - 0:51
PK Forward
1 - 0% - 60%
2 - 0% - 40%
PK Defense
1 - 0% - 60%
2 - 0% - 40%
PK3 Forward
1 - 0% - 60%
2 - 0% - 40%
PK3 Defense
1 - 0% - 60%
2 - 0% - 40%
44 Forward
1 - 0% - 60%
2 - 0% - 40%
44 Defense
1 - 0% - 60%
2 - 0% - 40%
Last Minute Offensive  - 0:00
Last Minute Defensive  - 0:00
Total
Forward - 60:00
Defense - 60:00

Play-by-Play

1st period


0:01 of 1st period - David Krejci wins face-off versus Jon Marchessault in neutral zone.
0:36 of 1st period - Snap shot by Pavel Zacha.
0:36 of 1st period - Shot Misses the Net.
0:42 of 1st period - Pavel Zacha is hit by Nick Foligno and loses puck.
1:04 of 1st period - Wrist shot by Alex Chiasson.
1:04 of 1st period - Shot Blocked by Andrew Cogliano.
1:37 of 1st period - Off-side.
1:38 of 1st period - Ryan Nugent-Hopkins wins face-off versus Pavel Zacha in neutral zone.
1:51 of 1st period - Wrist shot by Tyler Seguin.
1:51 of 1st period - Stopped by Carey Price without a rebound.
1:52 of 1st period - David Krejci wins face-off versus Nick Foligno in Flames zone.
1:57 of 1st period - Snap shot by Anders Lee.
1:57 of 1st period - Stopped by Braden Holtby with a rebound.
2:05 of 1st period - Drew Doughty is hit by Johnny Boychuk and loses puck.
2:18 of 1st period - Johnny Boychuk is hit by Alex Chiasson.
3:28 of 1st period - Snap shot by Anders Lee.
3:28 of 1st period - Shot Blocked by T.J. Brodie.
3:30 of 1st period - Slapshot by Jason Demers.
3:30 of 1st period - Stopped by Braden Holtby without a rebound.
3:31 of 1st period - Ryan Nugent-Hopkins wins face-off versus David Kampf in Lightning zone.
3:36 of 1st period - Wrist shot by Jon Marchessault.
3:36 of 1st period - Stopped by Carey Price with a rebound.
5:13 of 1st period - Snap shot by Alex Chiasson.
5:13 of 1st period - Deflect By David Kampf.
5:13 of 1st period - Deflect By Ryan Nugent-Hopkins.
5:13 of 1st period - Shot Blocked by Tyler Seguin.
5:13 of 1st period - Puck is out of play.
5:14 of 1st period - David Kampf wins face-off versus Mikko Koivu in Lightning zone.
5:15 of 1st period - Wrist shot by Danton Heinen.
5:15 of 1st period - Shot Misses the Net.
5:40 of 1st period - Radko Gudas is hit by Anders Lee and loses puck.
6:09 of 1st period - Brett Howden is hit by Nick Bjugstad and loses puck.
6:22 of 1st period - Andrej Sekera is hit by Nate Thompson and loses puck.
7:15 of 1st period - Snap shot by Jakob Silfverberg.
7:15 of 1st period - Shot Blocked by Deryk Engelland.
7:22 of 1st period - Icing by Deryk Engelland.
7:23 of 1st period - Pavel Zacha wins face-off versus Cedric Paquette in Flames zone.
7:36 of 1st period - Snap shot by Andrew Cogliano.
7:36 of 1st period - Stopped by Carey Price with a rebound.
7:38 of 1st period - Slapshot by Andrew Cogliano.
7:38 of 1st period - Stopped by Carey Price without a rebound.
7:39 of 1st period - Mikko Koivu wins face-off versus David Krejci in Flames zone.
7:40 of 1st period - Snap shot by Nick Foligno.
7:40 of 1st period - Shot Misses the Net.
7:50 of 1st period - Wrist shot by Anders Lee.
7:50 of 1st period - Stopped by Braden Holtby with a rebound.
7:52 of 1st period - Backhand shot by Anders Lee.
7:52 of 1st period - Stopped by Braden Holtby without a rebound.
7:53 of 1st period - Mikko Koivu wins face-off versus David Krejci in Lightning zone.
7:53 of 1st period - Mikko Koivu is hit by Drew Doughty.
8:29 of 1st period - Snap shot by Danton Heinen.
8:29 of 1st period - Shot Blocked by Radko Gudas.
8:38 of 1st period - Off-side.
8:39 of 1st period - Pavel Zacha wins face-off versus Cedric Paquette in neutral zone.
8:42 of 1st period - Andrew Cogliano is hit by Nick Bjugstad and loses puck.
9:05 of 1st period - Jakob Silfverberg is hit by Anders Lee and loses puck.
9:49 of 1st period - Snap shot by Tyson Jost.
9:49 of 1st period - Shot Misses the Net.
10:01 of 1st period - Snap shot by Ryan Nugent-Hopkins.
10:01 of 1st period - Shot Misses the Net.
10:19 of 1st period - Slapshot by Jakob Silfverberg.
10:19 of 1st period - Stopped by Carey Price without a rebound.
10:20 of 1st period - David Krejci wins face-off versus Cedric Paquette in Flames zone.
10:31 of 1st period - Slapshot by David Krejci.
10:31 of 1st period - Shot Misses the Net.
10:33 of 1st period - Snap shot by Anders Lee.
10:33 of 1st period - Stopped by Braden Holtby with a rebound.
10:35 of 1st period - Snap shot by Sam Reinhart.
10:35 of 1st period - Stopped by Braden Holtby without a rebound.
10:36 of 1st period - Pavel Zacha wins face-off versus Ryan Nugent-Hopkins in Lightning zone.
10:43 of 1st period - Wrist shot by Ryan Donato.
10:43 of 1st period - Stopped by Braden Holtby without a rebound.
10:44 of 1st period - Ryan Nugent-Hopkins wins face-off versus Nick Bjugstad in Lightning zone.
11:03 of 1st period - Jason Demers is hit by Tyler Seguin and loses puck.
11:42 of 1st period - Snap shot by Pavel Zacha.
11:42 of 1st period - Shot Misses the Net.
11:44 of 1st period - Slapshot by Jason Demers.
11:44 of 1st period - Shot Misses the Net.
12:17 of 1st period - Icing by Deryk Engelland.
12:18 of 1st period - Pavel Zacha wins face-off versus Mikko Koivu in Flames zone.
12:35 of 1st period - Wrist shot by Pavel Zacha.
12:35 of 1st period - Shot Blocked by Jakob Silfverberg.
12:37 of 1st period - Wrist shot by Nick Bjugstad.
12:37 of 1st period - Shot Blocked by T.J. Brodie.
12:39 of 1st period - Snap shot by Ryan Donato.
12:39 of 1st period - Shot Hit the Post.
12:41 of 1st period - Slapshot by Deryk Engelland.
12:41 of 1st period - Stopped by Braden Holtby without a rebound.
12:42 of 1st period - Cedric Paquette wins face-off versus David Krejci in Lightning zone.
12:42 of 1st period - Cedric Paquette is hit by Victor Hedman.
13:12 of 1st period - Off-side.
13:13 of 1st period - David Kampf wins face-off versus Mikko Koivu in neutral zone.
13:48 of 1st period - Slapshot by Ryan Dzingel.
13:48 of 1st period - Stopped by Carey Price without a rebound.
13:49 of 1st period - Cedric Paquette wins face-off versus David Krejci in Flames zone.
13:57 of 1st period - Off-side.
13:58 of 1st period - Mikko Koivu wins face-off versus David Krejci in neutral zone.
14:51 of 1st period - Wrist shot by Tyson Jost.
14:51 of 1st period - Stopped by Braden Holtby without a rebound.
14:52 of 1st period - David Krejci wins face-off versus Mikko Koivu in Lightning zone.
15:38 of 1st period - Andrej Sekera is hit by Nick Bjugstad and loses puck.
16:29 of 1st period - Snap shot by Jakob Silfverberg.
16:29 of 1st period - Stopped by Carey Price with a rebound.
17:24 of 1st period - Nick Bjugstad is hit by Nicolas Deslauriers and loses puck.
17:40 of 1st period - Slapshot by Victor Hedman.
17:40 of 1st period - Deflect By Ryan Donato.
17:40 of 1st period - Shot Misses the Net.
17:40 of 1st period - Puck is out of play.
17:41 of 1st period - David Krejci wins face-off versus Ryan Nugent-Hopkins in Lightning zone.
17:44 of 1st period - Snap shot by Anders Lee.
17:44 of 1st period - Stopped by Braden Holtby with a rebound.
17:50 of 1st period - Snap shot by David Krejci.
17:50 of 1st period - Shot Misses the Net.
17:52 of 1st period - Slapshot by Victor Hedman.
17:52 of 1st period - Stopped by Braden Holtby without a rebound.
17:53 of 1st period - Ryan Nugent-Hopkins wins face-off versus David Krejci in Lightning zone.
18:08 of 1st period - Snap shot by Tyler Seguin.
18:08 of 1st period - Stopped by Carey Price with a rebound.
18:26 of 1st period - Wrist shot by Alex Chiasson.
18:26 of 1st period - Stopped by Braden Holtby without a rebound.
18:27 of 1st period - Mikko Koivu wins face-off versus David Kampf in Lightning zone.
18:27 of 1st period - Mikko Koivu is hit by Deryk Engelland.
18:56 of 1st period - Jon Marchessault is hit by Jason Demers.
19:20 of 1st period - Slapshot by Andrew Cogliano.
19:20 of 1st period - Deflect By Ryan Dzingel.
19:20 of 1st period - Stopped by Carey Price with a rebound.
19:22 of 1st period - Slapshot by Michael Stone.
19:22 of 1st period - Stopped by Carey Price without a rebound.
19:23 of 1st period - Pavel Zacha wins face-off versus Mikko Koivu in Flames zone.
Goals for this period are 0 for Flames vs 0 for Lightning.
Shots for this period are 12 for Flames vs 10 for Lightning.

2nd period


0:01 of 2nd period - David Krejci wins face-off versus Tyler Seguin in neutral zone.
1:02 of 2nd period - Wrist shot by Ryan Nugent-Hopkins.
1:02 of 2nd period - Stopped by Carey Price with a rebound.
1:04 of 2nd period - Slapshot by T.J. Brodie.
1:04 of 2nd period - Deflect By Jason Demers.
1:04 of 2nd period - Stopped by Carey Price with a rebound.
1:18 of 2nd period - Wrist shot by Tyler Seguin.
1:18 of 2nd period - Shot Misses the Net.
1:20 of 2nd period - Slapshot by Jon Marchessault.
1:20 of 2nd period - Stopped by Carey Price without a rebound.
1:21 of 2nd period - Mikko Koivu wins face-off versus David Krejci in Flames zone.
1:54 of 2nd period - Snap shot by Ryan Dzingel.
1:54 of 2nd period - Shot Misses the Net.
1:56 of 2nd period - Snap shot by Andrew Cogliano.
1:56 of 2nd period - Stopped by Carey Price with a rebound.
2:38 of 2nd period - Cedric Paquette is hit by Alex Chiasson and loses puck.
3:02 of 2nd period - Michael Stone is hit by Nate Thompson and loses puck.
3:30 of 2nd period - Off-side.
3:31 of 2nd period - Cedric Paquette wins face-off versus Pavel Zacha in neutral zone.
3:34 of 2nd period - Slapshot by Andrew Cogliano.
3:34 of 2nd period - Shot Blocked by Victor Hedman.
3:54 of 2nd period - Ryan Donato is hit by Andrew Cogliano and loses puck.
4:14 of 2nd period - Slapshot by Pavel Zacha.
4:14 of 2nd period - Shot Misses the Net.
4:16 of 2nd period - Snap shot by Pavel Zacha.
4:16 of 2nd period - Shot Misses the Net.
4:18 of 2nd period - Wrist shot by Nick Bjugstad.
4:18 of 2nd period - Stopped by Braden Holtby without a rebound.
4:19 of 2nd period - Ryan Nugent-Hopkins wins face-off versus Sam Reinhart in Lightning zone.
4:34 of 2nd period - Slapshot by Tyler Seguin.
4:34 of 2nd period - Shot Misses the Net.
4:40 of 2nd period - Ryan Nugent-Hopkins is hit by David Krejci and loses puck.
4:59 of 2nd period - Slapshot by Nick Foligno.
4:59 of 2nd period - Stopped by Carey Price without a rebound.
5:00 of 2nd period - Nate Thompson wins face-off versus Mikko Koivu in Flames zone.
5:09 of 2nd period - Snap shot by Tyson Jost.
5:09 of 2nd period - Deflect By Nate Thompson.
5:09 of 2nd period - Shot Blocked by Mikko Koivu.
5:09 of 2nd period - Puck is out of play.
5:10 of 2nd period - Nate Thompson wins face-off versus Mikko Koivu in Lightning zone.
5:35 of 2nd period - Slapshot by Victor Hedman.
5:35 of 2nd period - Shot Misses the Net.
5:37 of 2nd period - Slapshot by Victor Hedman.
5:37 of 2nd period - Deflect By Mikko Koivu.
5:37 of 2nd period - Stopped by Braden Holtby without a rebound.
5:38 of 2nd period - David Krejci wins face-off versus Ryan Nugent-Hopkins in Lightning zone.
5:39 of 2nd period - Snap shot by Anders Lee.
5:39 of 2nd period - Stopped by Braden Holtby with a rebound.
5:47 of 2nd period - Wrist shot by Tyler Seguin.
5:47 of 2nd period - Stopped by Carey Price without a rebound.
5:48 of 2nd period - Ryan Nugent-Hopkins wins face-off versus David Krejci in Flames zone.
5:49 of 2nd period - Wrist shot by Tyler Seguin.
5:49 of 2nd period - Shot Blocked by Jason Demers.
5:51 of 2nd period - Slapshot by Michael Stone.
5:51 of 2nd period - Deflect By Sam Reinhart.
5:51 of 2nd period - Stopped by Carey Price with a rebound.
5:59 of 2nd period - Slapshot by Ryan Nugent-Hopkins.
5:59 of 2nd period - Stopped by Carey Price with a rebound.
6:01 of 2nd period - Snap shot by Jon Marchessault.
6:01 of 2nd period - Shot Misses the Net.
6:34 of 2nd period - Off-side.
6:35 of 2nd period - Mikko Koivu wins face-off versus David Kampf in neutral zone.
8:13 of 2nd period - Slapshot by Anders Lee.
8:13 of 2nd period - Shot Blocked by Jon Marchessault.
8:29 of 2nd period - Tyson Jost is hit by Cedric Paquette.
8:37 of 2nd period - Slapshot by Victor Hedman.
8:37 of 2nd period - Deflect By Andrew Cogliano.
8:37 of 2nd period - Goal by Victor Hedman - Flames : 1 - Lightning : 0.
8:38 of 2nd period - Ryan Nugent-Hopkins wins face-off versus David Krejci in neutral zone.
8:55 of 2nd period - Slapshot by Tyler Seguin.
8:55 of 2nd period - Deflect By Drew Doughty.
8:55 of 2nd period - Shot Misses the Net.
8:55 of 2nd period - Puck is out of play.
8:56 of 2nd period - David Kampf wins face-off versus Mikko Koivu in Flames zone.
9:00 of 2nd period - Off-side.
9:01 of 2nd period - David Kampf wins face-off versus Mikko Koivu in neutral zone.
9:06 of 2nd period - Wrist shot by Alex Chiasson.
9:06 of 2nd period - Stopped by Braden Holtby without a rebound.
9:07 of 2nd period - Ryan Nugent-Hopkins wins face-off versus David Krejci in Lightning zone.
9:18 of 2nd period - Snap shot by David Krejci.
9:18 of 2nd period - Shot Misses the Net.
10:00 of 2nd period - Slapshot by Andrew Cogliano.
10:00 of 2nd period - Shot Blocked by Nick Bjugstad.
10:18 of 2nd period - Snap shot by Nate Thompson.
10:18 of 2nd period - Deflect By Tyson Jost.
10:18 of 2nd period - Shot Misses the Net.
10:18 of 2nd period - Puck is out of play.
10:19 of 2nd period - Nate Thompson wins face-off versus Brett Howden in Lightning zone.
10:22 of 2nd period - Snap shot by Melker Karlsson.
10:22 of 2nd period - Stopped by Braden Holtby with a rebound.
10:24 of 2nd period - Slapshot by Nate Thompson.
10:24 of 2nd period - Stopped by Braden Holtby without a rebound.
10:25 of 2nd period - David Krejci wins face-off versus Ryan Nugent-Hopkins in Lightning zone.
10:57 of 2nd period - Johnny Boychuk is hit by Alex Chiasson and loses puck.
11:54 of 2nd period - Radko Gudas is hit by Sam Reinhart and loses puck.
12:23 of 2nd period - Wrist shot by Alex Chiasson.
12:23 of 2nd period - Shot Blocked by Nick Foligno.
12:39 of 2nd period - Snap shot by Ryan Donato.
12:39 of 2nd period - Stopped by Braden Holtby without a rebound.
12:40 of 2nd period - Pavel Zacha wins face-off versus Cedric Paquette in Lightning zone.
12:45 of 2nd period - Snap shot by Nick Bjugstad.
12:45 of 2nd period - Shot Misses the Net.
14:11 of 2nd period - Ryan Dzingel is hit by Pavel Zacha and loses puck.
14:34 of 2nd period - Anders Lee is hit by Ryan Nugent-Hopkins and loses puck.
15:25 of 2nd period - Wrist shot by Brett Howden.
15:25 of 2nd period - Shot Misses the Net.
15:27 of 2nd period - Slapshot by Radko Gudas.
15:27 of 2nd period - Shot Blocked by Kevan Miller.
15:39 of 2nd period - Wrist shot by Pavel Zacha.
15:39 of 2nd period - Shot Misses the Net.
16:17 of 2nd period - Colin Miller is hit by Alex Chiasson and loses puck.
16:43 of 2nd period - Nicolas Deslauriers is hit by Tyson Jost and loses puck.
17:25 of 2nd period - Snap shot by Anders Lee.
17:25 of 2nd period - Shot Blocked by Radko Gudas.
17:57 of 2nd period - Melker Karlsson is hit by Nick Foligno and loses puck.
18:05 of 2nd period - Off-side.
18:06 of 2nd period - Mikko Koivu wins face-off versus David Krejci in neutral zone.
18:13 of 2nd period - Nick Foligno is hit by Deryk Engelland and loses puck.
18:52 of 2nd period - Slapshot by Ryan Dzingel.
18:52 of 2nd period - Shot Misses the Net.
18:54 of 2nd period - Snap shot by Andrew Cogliano.
18:54 of 2nd period - Shot Misses the Net.
18:56 of 2nd period - Backhand shot by Johnny Boychuk.
18:56 of 2nd period - Shot Blocked by Danton Heinen.
18:58 of 2nd period - Slapshot by Johnny Boychuk.
18:58 of 2nd period - Shot Blocked by David Kampf.
19:00 of 2nd period - Slapshot by Andrej Sekera.
19:00 of 2nd period - Shot Misses the Net.
19:02 of 2nd period - Slapshot by Johnny Boychuk.
19:02 of 2nd period - Deflect By Cedric Paquette.
19:02 of 2nd period - Lightning goal is going for a video replay.
19:02 of 2nd period - The goal is good.
19:02 of 2nd period - Goal by Cedric Paquette - Flames : 1 - Lightning : 1.
19:03 of 2nd period - Ryan Nugent-Hopkins wins face-off versus David Krejci in neutral zone.
19:06 of 2nd period - Jason Demers is hit by Tyler Seguin and loses puck.
19:29 of 2nd period - Pavel Zacha is hit by Mikko Koivu and loses puck.
19:51 of 2nd period - Snap shot by Danton Heinen.
19:51 of 2nd period - Stopped by Braden Holtby without a rebound.
19:52 of 2nd period - Cedric Paquette wins face-off versus David Kampf in Lightning zone.
Goals for this period are 1 for Flames vs 1 for Lightning.
Shots for this period are 9 for Flames vs 9 for Lightning.

3rd period


0:01 of 3rd period - Ryan Nugent-Hopkins wins face-off versus Anders Lee in neutral zone.
0:06 of 3rd period - Wrist shot by Jon Marchessault.
0:06 of 3rd period - Stopped by Carey Price without a rebound.
0:07 of 3rd period - David Krejci wins face-off versus Ryan Nugent-Hopkins in Flames zone.
0:34 of 3rd period - Wrist shot by Anders Lee.
0:34 of 3rd period - Shot Misses the Net.
0:52 of 3rd period - Snap shot by Ryan Nugent-Hopkins.
0:52 of 3rd period - Shot Blocked by Drew Doughty.
0:54 of 3rd period - Slapshot by T.J. Brodie.
0:54 of 3rd period - Stopped by Carey Price with a rebound.
0:56 of 3rd period - Snap shot by Ryan Nugent-Hopkins.
0:56 of 3rd period - Shot Misses the Net.
0:58 of 3rd period - Snap shot by Ryan Nugent-Hopkins.
0:58 of 3rd period - Goal by Ryan Nugent-Hopkins - Flames : 1 - Lightning : 2.
0:59 of 3rd period - Nick Foligno wins face-off versus Pavel Zacha in neutral zone.
1:37 of 3rd period - Cedric Paquette is hit by Deryk Engelland and loses puck.
1:54 of 3rd period - Victor Hedman is hit by Jon Marchessault and loses puck.
3:11 of 3rd period - Wrist shot by Danton Heinen.
3:11 of 3rd period - Stopped by Braden Holtby without a rebound.
3:12 of 3rd period - David Kampf wins face-off versus Mikko Koivu in Lightning zone.
3:20 of 3rd period - Icing by Colin Miller.
3:21 of 3rd period - David Krejci wins face-off versus Mikko Koivu in Lightning zone.
3:34 of 3rd period - Snap shot by Mikko Koivu.
3:34 of 3rd period - Shot Misses the Net.
4:34 of 3rd period - Wrist shot by Tyson Jost.
4:34 of 3rd period - Shot Blocked by Chris Wagner.
4:36 of 3rd period - Wrist shot by Tyson Jost.
4:36 of 3rd period - Stopped by Braden Holtby with a rebound.
4:38 of 3rd period - Slapshot by Deryk Engelland.
4:38 of 3rd period - Stopped by Braden Holtby with a rebound.
4:40 of 3rd period - Slapshot by Jason Demers.
4:40 of 3rd period - Stopped by Braden Holtby without a rebound.
4:41 of 3rd period - Nate Thompson wins face-off versus Jon Marchessault in Lightning zone.
5:08 of 3rd period - David Krejci is hit by Mikko Koivu and loses puck.
5:29 of 3rd period - Cedric Paquette is hit by Pavel Zacha and loses puck.
5:40 of 3rd period - Victor Hedman is hit by Cedric Paquette and loses puck.
6:23 of 3rd period - Snap shot by Tyler Seguin.
6:23 of 3rd period - Shot Blocked by Melker Karlsson.
6:25 of 3rd period - Slapshot by T.J. Brodie.
6:25 of 3rd period - Shot Hit the Post.
6:27 of 3rd period - Snap shot by Jon Marchessault.
6:27 of 3rd period - Shot Blocked by Alex Biega.
6:29 of 3rd period - Slapshot by Tyler Seguin.
6:29 of 3rd period - Stopped by Carey Price with a rebound.
6:41 of 3rd period - Nate Thompson is hit by Jakob Silfverberg and loses puck.
6:46 of 3rd period - Snap shot by Nick Foligno.
6:46 of 3rd period - Shot Misses the Net.
6:48 of 3rd period - Slapshot by Johnny Boychuk.
6:48 of 3rd period - Deflect By Nick Foligno.
6:48 of 3rd period - Stopped by Carey Price without a rebound.
6:49 of 3rd period - David Krejci wins face-off versus Mikko Koivu in Flames zone.
7:02 of 3rd period - Snap shot by Mikko Koivu.
7:02 of 3rd period - Shot Blocked by Jason Demers.
7:38 of 3rd period - Radko Gudas is hit by Danton Heinen and loses puck.
7:43 of 3rd period - Slapshot by Danton Heinen.
7:43 of 3rd period - Shot Blocked by T.J. Brodie.
7:45 of 3rd period - Snap shot by David Kampf.
7:45 of 3rd period - Stopped by Braden Holtby with a rebound.
7:47 of 3rd period - Slapshot by Deryk Engelland.
7:47 of 3rd period - Goal by Deryk Engelland - Flames : 2 - Lightning : 2.
7:48 of 3rd period - Ryan Nugent-Hopkins wins face-off versus David Krejci in neutral zone.
8:25 of 3rd period - Snap shot by Pavel Zacha.
8:25 of 3rd period - Stopped by Braden Holtby with a rebound.
8:27 of 3rd period - Snap shot by Pavel Zacha.
8:27 of 3rd period - Goal by Pavel Zacha - Flames : 3 - Lightning : 2.
8:28 of 3rd period - Ryan Nugent-Hopkins wins face-off versus David Krejci in neutral zone.
8:31 of 3rd period - Wrist shot by Tyler Seguin.
8:31 of 3rd period - Shot Blocked by Drew Doughty.
9:02 of 3rd period - Slapshot by Jakob Silfverberg.
9:02 of 3rd period - Shot Blocked by Ryan Donato.
9:30 of 3rd period - Minor Penalty to Kevan Miller for Hooking.
9:31 of 3rd period - Nate Thompson wins face-off versus Ryan Nugent-Hopkins in Flames zone.
9:57 of 3rd period - Nate Thompson is hit by Nicolas Deslauriers and loses puck.
10:06 of 3rd period - Snap shot by Tyler Seguin.
10:06 of 3rd period - Stopped by Carey Price without a rebound.
10:07 of 3rd period - Mikko Koivu wins face-off versus Nate Thompson in Flames zone.
10:44 of 3rd period - Snap shot by Pavel Zacha.
10:44 of 3rd period - Stopped by Braden Holtby with a rebound.
10:58 of 3rd period - Mikko Koivu is hit by Ryan Donato.
10:59 of 3rd period - Mikko Koivu from Lightning is injured at 10:59 of 3rd period (Lower Body).
11:00 of 3rd period - Nate Thompson wins face-off versus Jon Marchessault in Lightning zone.
11:30 of 3rd period - Penalty to Kevan Miller is over, Kevan Miller is back on ice.
11:30 of 3rd period - Icing by Tyler Seguin.
11:31 of 3rd period - Cedric Paquette wins face-off versus David Krejci in Lightning zone.
12:46 of 3rd period - Wrist shot by Chris Wagner.
12:46 of 3rd period - Deflect By Brett Howden.
12:46 of 3rd period - Stopped by Carey Price with a rebound.
13:04 of 3rd period - Snap shot by Sam Reinhart.
13:04 of 3rd period - Deflect By Ryan Nugent-Hopkins.
13:04 of 3rd period - Stopped by Braden Holtby with a rebound.
13:06 of 3rd period - Slapshot by Victor Hedman.
13:06 of 3rd period - Shot Blocked by Radko Gudas.
13:08 of 3rd period - Snap shot by David Krejci.
13:08 of 3rd period - Shot Misses the Net.
13:48 of 3rd period - Snap shot by Jakob Silfverberg.
13:48 of 3rd period - Shot Misses the Net.
15:18 of 3rd period - Michael Stone is hit by Jason Demers and loses puck.
16:21 of 3rd period - Snap shot by David Kampf.
16:21 of 3rd period - Shot Blocked by T.J. Brodie.
16:47 of 3rd period - Snap shot by David Krejci.
16:47 of 3rd period - Shot Misses the Net.
16:49 of 3rd period - Slapshot by Alex Biega.
16:49 of 3rd period - Stopped by Braden Holtby with a rebound.
16:51 of 3rd period - Snap shot by Anders Lee.
16:51 of 3rd period - Deflect By Sam Reinhart.
16:51 of 3rd period - Shot Misses the Net.
16:51 of 3rd period - Puck is out of play.
16:52 of 3rd period - David Krejci wins face-off versus Cedric Paquette in Lightning zone.
16:59 of 3rd period - Snap shot by David Krejci.
16:59 of 3rd period - Goal by David Krejci - Flames : 4 - Lightning : 2.
17:00 of 3rd period - David Krejci wins face-off versus Cedric Paquette in neutral zone.
17:02 of 3rd period - Off-side.
17:03 of 3rd period - David Krejci wins face-off versus Cedric Paquette in neutral zone.
17:34 of 3rd period - Wrist shot by Alex Chiasson.
17:34 of 3rd period - Shot Blocked by Andrej Sekera.
18:13 of 3rd period - Icing by Jason Demers.
18:14 of 3rd period - David Krejci wins face-off versus Cedric Paquette in Flames zone.
18:57 of 3rd period - Snap shot by Anders Lee.
18:57 of 3rd period - Goal by Anders Lee - Flames : 5 - Lightning : 2.
18:58 of 3rd period - Ryan Nugent-Hopkins wins face-off versus Pavel Zacha in neutral zone.
19:30 of 3rd period - Wrist shot by Danton Heinen.
19:30 of 3rd period - Goal by Danton Heinen - Flames : 6 - Lightning : 2.
19:31 of 3rd period - David Krejci wins face-off versus Ryan Nugent-Hopkins in neutral zone.
Goals for this period are 5 for Flames vs 1 for Lightning.
Shots for this period are 14 for Flames vs 7 for Lightning. Output by the SimonT Hockey Simulator (STHS) for Eric Tremblay - Original Page W3C HTML5 Valid
Hockey Simulator - Hockey Simulation - Hockey Manager